 Dungeon Crawl Stone Soup version 0.31.0-32-g396128a36d (webtiles) character file.

Game seed: 16146451176058408441

180 chippings the Gusty (level 5, 0/44 HPs)
             Began as a Draconian Wanderer on Mar 21, 2024.
             Incinerated by a bombardier beetle (5 damage)
             ... with a burning spray
             ... on level 3 of the Dungeon.
             The game lasted 00:08:33 (1888 turns).

chippings the Gusty (Draconian Wanderer)            Turns: 1888, Time: 00:08:34

Health: 0/44       AC:  5    Str: 11    XL:     5   Next: 33%
Magic:  4/9        EV: 11    Int: 17    God:
Gold:   138        SH:  0    Dex: 11    Spells: 5/10 levels left

rFire   . . .        n - +1 dagger (vamp)
rCold   . . .        (no shield)
rNeg    . . .        (body armour unavailable)
rPois   .            (helmet restricted)
rElec   .            (no cloak)
rCorr   .            (no gloves)
SInv    .            (no boots)
Will    .....        (no amulet)
Stlth   +            (no ring)
HPRegen 0.27/turn    (no ring)
MPRegen 0.11/turn

%: no passive effects
@: on fire, glowing
A: AC +5, unfitting armour, cold-blooded
a: no special abilities


You were on level 3 of the Dungeon.
You visited 1 branch of the dungeon, and saw 3 of its levels.

You collected 186 gold pieces.
You spent 48 gold pieces at shops.

Inventory:

Hand Weapons
 n - a +1 vampiric dagger (weapon)
Jewellery
 h - a ring of fire
Wands
 g - a wand of polymorph (12)
Scrolls
 a - 2 scrolls of teleportation {unknown}
 b - a scroll of fog
 e - 4 scrolls of identify {unknown}
 f - a scroll of fear {unknown}
 j - 2 scrolls of revelation {unknown}
 k - a scroll of enchant armour {unknown}
Potions
 c - 2 potions of curing
 d - a potion of degeneration {unknown}
 i - 3 potions of heal wounds {unknown}
 l - a potion of mutation {unknown}
 m - a potion of brilliance


   Skills:
 + Level 2.9 Fighting
 - Level 2.0 Unarmed Combat
 + Level 3.0 Spellcasting
 + Level 1.4 Conjurations
 + Level 6.0 Air Magic


You had 5 spell levels left.
You knew the following spells:

 Your Spells              Type           Power      Damage    Failure   Level
a - Shock                 Conj/Air       60%        1d6       3%          1
b - Mercury Vapours       Alch/Air       24%        N/A       8%          2
c - Static Discharge      Conj/Air       30%        3-5/arc   6%          2

Your spell library contained the following spells:

 Spells                   Type           Power      Damage    Failure   Level
 Dazzling Flash           Conj/Hex       8%         N/A       36%         3
 Volatile Blastmotes      Fire/Tloc      4%         2d10      45%         3
 Starburst                Conj/Fire      2%         6d3       100%        6
 Maxwell's Capacitive Co  Air            11%        ∞         100%        8


Dungeon Overview and Level Annotations

Branches:
Dungeon (3/15)

Altars:
Hepliaklqana

Shops:
D:1 :   D:2 !


Innate Abilities, Weirdness & Mutations

Your plain brown scales are hard. (AC +5)
You cannot fit into any form of body armour.
You are cold-blooded and may be slowed by cold attacks.


Message History

You hit the bombardier beetle.
The bombardier beetle is almost dead.
The liquid fire burns you!
The bombardier beetle sprays incendiary fluid at you.
The burning spray hits you.
You are even more covered in liquid fire!
Casting: Shock (safe; 4% risk of failure)
Confirm with . or Enter, or press ? or * to list all spells.
Aiming: Shock (safe; 4% risk of failure)
Press: ? - help, Shift-Dir - straight line The zap hits the bombardier beetle.
You kill the bombardier beetle!
The liquid fire burns you!
Your Spellcasting skill increases to level 3!
Your Air Magic skill increases to level 6!
You shake off some of the fire as you move.
The liquid fire burns you!
You see here a bombardier beetle corpse.
You shake off some of the fire as you move.
The liquid fire burns you!
You see here a wand of polymorph (12).
You shake off some of the fire as you move.
The liquid fire burns you!
* * * LOW HITPOINT WARNING * * *
You shake off some of the fire as you move.
The liquid fire burns you!
* * * LOW HITPOINT WARNING * * *
You see here a wand of polymorph (12).
g - a wand of polymorph (12)
The liquid fire burns you!
* * * LOW HITPOINT WARNING * * *
You feel better. The liquid fire burns you!
* * * LOW HITPOINT WARNING * * *
You shake off some of the fire as you move.
The liquid fire burns you!
* * * LOW HITPOINT WARNING * * *
You shake off some of the fire as you move.
The liquid fire burns you!
You die...

... .. .## ..##. #.. #..
#.#. .#.# #.# ... ... #.#
##.# ..#.## ). ..#
...##.##...... #.#
#.........#.. #.# ....#
#.)... #@# ..#.# #.#.##
##.########.
#...###...##.##...........
##..............†########.
##.#.#...######..#
...#.[...# #..#
######...######..# #
#...........## #
#.#.######...#######


There were no monsters in sight!

Vanquished Creatures
  2 bombardier beetles (D:3)
  Jessica (D:2)
  Robin (D:3)
  2 dart slugs
  3 ribbon worms (D:2)
  An orc (D:3)
  An endoplasm (D:3)
  3 giant cockroaches
  18 goblins
  8 hobgoblins
  9 kobolds
  A quokka (D:2)
  7 ball pythons
  3 frilled lizards (D:1)
  2 rats
62 creatures vanquished.

Notes
Turn   | Place    | Note
-------+----------+-------------------------------------------
     0 | D:1      | chippings the Draconian Wanderer began the quest for the
                  | Orb.
     0 | D:1      | chippings set off with the following items: a +0 dagger, a
                  | scroll of fog, 2 potions of curing; and the following spell
                  | memorised: Shock; and the following spells available to
                  | memorise: Mercury Vapours, Static Discharge.
     0 | D:1      | Reached XP level 1. HP: 17/17 MP: 2/2
   171 | D:1      | Reached XP level 2. HP: 21/24 MP: 0/4
   310 | D:1      | Found a faded altar of an unknown god.
   426 | D:1      | Learned a level 2 spell: Mercury Vapours
   518 | D:1      | Found Syaviach's Book Boutique.
   825 | D:2      | Reached XP level 3. HP: 29/29 MP: 2/6
   971 | D:2      | Noticed Jessica
   976 | D:2      | Killed Jessica
   986 | D:2      | Learned a level 2 spell: Static Discharge
  1044 | D:2      | Reached XP level 4. HP: 31/36 MP: 2/7
  1608 | D:2      | Found Sadastil's Distillery.
  1609 | D:2      | Found a hazy altar of Hepliaklqana.
  1618 | D:2      | Bought a potion of brilliance for 48 gold pieces
  1789 | D:3      | Reached skill level 1 in Conjurations
  1810 | D:3      | Noticed Robin
  1827 | D:3      | Killed Robin
  1828 | D:3      | Reached XP level 5. HP: 40/42 MP: 4/9
  1881 | D:3      | Reached skill level 6 in Air Magic
  1888 | D:3      | Incinerated by a bombardier beetle

Illustrated notes

Levels and vault maps discovered:
D:1:      dpeg_arrival_castle, layout_loops_cross, basic_ecumenical_altar,
          serial_shops, nicolae_shop_stone
D:2:      cheibrodos_greedy_goblins, layout_basic, basic_altar, serial_shops,
          shop, uniq_jessica
D:3:      layout_loops_ring, minmay_liquid_box, minmay_fractal_squares_5,
          uniq_ijyb, uniq_robin

Skill      XL: |  1  2  3  4  5 |
---------------+----------------+-----
Spellcasting   | 2 3 |  3.0
Conjurations   | 1 |  1.4
Air Magic      | 6 |  6.0
Fighting       | |  2.9
Unarmed Combat | |  2.0

Action                     |  1- 3 |  4- 6 || total
---------------------------+-------+-------++-------
  Melee: Dagger            |     9 |    20 ||    29
         Short sword       |    71 |    38 ||   109
         Tailslap          |    11 |     6 ||    17
         Punch             |     1 |     1 ||     2
   Cast: Shock             |    25 |    13 ||    38
         Mercury Vapours   |     4 |       ||     4
         Static Discharge  |     2 |     6 ||     8
    Use: Potion            |       |     1 ||     1
   Stab: Sleeping          |     1 |       ||     1
 Armour: Skin              |    44 |    38 ||    82
  Dodge: Dodged            |    43 |    32 ||    75
